 Dungeon Crawl Stone Soup version 0.20-a0-522-g0b37eee (webtiles) character file.

12740 polly the Severer (level 11, -3/104 HPs)
             Began as a Minotaur Berserker on Jan 26, 2017.
             Was the Champion of Trog.
             Slain by an ice devil (31 damage)
             ... summoned by an orc sorcerer
             ... on level 1 of the Orcish Mines.
             The game lasted 00:21:08 (10069 turns).

polly the Severer (Minotaur Berserker)             Turns: 10069, Time: 00:21:10

Health: -3/104     AC: 12    Str: 24    XL:     11   Next: 66%
Magic:  10/10      EV: 14    Int:  8    God:    Trog [******]
Gold:   378        SH:  0    Dex: 11    Spells: 10/10 levels left

rFire    + . .     SeeInvis +   z - +0 war axe
rCold    x . .     Gourm    .   M - +0 ring mail "Naclituo" {rN+ rCorr}
rNeg     + + .     Faith    .   (no shield)
rPois    +         Spirit   .   o - +0 hat
rElec    .         Reflect  .   A - +2 cloak {rPois}
rCorr    +         Harm     .   k - +0 pair of gloves
MR       .....                  (no boots)
Stlth    ++........             (no amulet)
Regen    0.3/turn               N - ring of Ishapeu {Fire *Contam rN+ Int+4 SInv}
                                r - ring of stealth

@: no status effects
A: retaliatory headbutt, horns 2
a: Berserk, Trog's Hand, Brothers in Arms, Burn Spellbooks, Renounce Religion


You were on level 1 of the Orcish Mines.
You worshipped Trog.
Trog was exalted by your worship.
You were hungry.

You visited 3 branches of the dungeon, and saw 13 of its levels.

You collected 723 gold pieces.
You spent 345 gold pieces at shops.

Inventory:

Hand Weapons
 z - a +0 war axe (weapon)
Armour
 k - a +0 pair of gloves (worn)
 o - a +0 hat (worn)
 A - a +2 cloak of poison resistance (worn)
 M - the +0 ring mail "Naclituo" (worn) {rN+ rCorr}
   (You found it on level 8 of the Dungeon)

   It protects you from negative energy.
   It protects you from acid and corrosion.
Jewellery
 r - a ring of stealth (left hand)
 N - the ring of Ishapeu (right hand) {Fire *Contam rN+ Int+4 SInv}
   (You bought it in a shop on level 9 of the Dungeon)

   [ring of fire]

   It enhances your fire magic.
   It affects your intelligence (+4).
   It protects you from fire.
   It makes you vulnerable to cold.
   It protects you from negative energy.
   It lets you see invisible.
   It causes magical contamination when unequipped.
Wands
 t - a wand of digging (11/24)
 y - a wand of disintegration (11/24)
 C - a wand of clouds (3/9)
 F - a wand of lightning (8/15)
 L - a wand of scattershot (4/9)
Scrolls
 e - a scroll of teleportation {unknown}
 f - 3 scrolls of blinking
 i - a scroll of identify
 n - 2 scrolls of remove curse
 p - 2 scrolls of recharging {unknown}
 v - 2 scrolls of immolation {unknown}
 H - a scroll of magic mapping {unknown}
 K - a scroll of fear
Potions
 b - 2 potions of resistance
 d - a potion of might {unknown}
 h - 2 potions of berserk rage
 l - a potion of heal wounds
 q - 5 potions of curing
 u - 2 potions of haste
 x - 2 potions of cancellation
 B - 2 potions of flight {unknown}
 G - 2 potions of invisibility
 I - a potion of experience {unknown}
Miscellaneous
 a - a phantom mirror
Comestibles
 c - 4 bread rations
 g - 11 fruits
 w - 4 meat rations
 J - 12 royal jellies


   Skills:
 + Level 11.7 Fighting
 + Level 15.1 Axes
 + Level 9.9 Armour
 + Level 6.3 Dodging
 - Level 1.1 Stealth


You had 10 spell levels left.
You didn't know any spells.

Dungeon Overview and Level Annotations

Branches:
Dungeon (11/15)            Temple (1/1) D:5            Lair (0/6) D:8
    Orc (1/2) D:10

Altars:
Cheibriados
Dithmenos
Elyvilon
Fedhas
Hepliaklqana
Kikubaaqudgha
Makhleb
Okawaru
Qazlal
Ru
Trog
Uskayaw
Yredelemnul
Zin

Shops:
D:4 *   D:5 *   D:7 *   D:9 (*   D:11 (


Innate Abilities, Weirdness & Mutations

You reflexively headbutt those who attack you in melee.
You have a pair of horns on your head.


Message History

The bolt of fire hits you! You resist. The chaos spawn barely misses you.
You furiously retaliate!
You headbutt the chaos spawn!
You kill the chaos spawn!
The chaos spawn degenerates into a cloud of primal chaos!
Your ring mail "Naclituo" prevents you from hitting the orc sorcerer.
The orc sorcerer is almost dead.
You barely miss the ice devil. The ice devil barely misses you.
The orc sorcerer mumbles some strange words.
Unknown command.
You miss the orc sorcerer.
The orc sorcerer is almost dead.
You hit the ice devil.
You hit the orc sorcerer but do no damage.
The orc sorcerer is almost dead.
You completely miss the ice devil.
The orc sorcerer hits you but does no damage.
The ice devil hits you!
* * * LOW HITPOINT WARNING * * *
The ice devil freezes you!!
You feel a terrible chill!
You die...

##... ... .## #....##.#
.. ........##.##
............>.#
.............#
..........4.###
#######.........4o...##
.............##.@.....##
.............##.$......##
..........#.###.........#
#....)).....#..........#
.....)................##
<...............†))#.##
...###..........)#.###
...# ##..........###
....# ##..........#


You could see a hellwing, an ice devil and an orc sorcerer.

Vanquished Creatures
  3 two-headed ogres
  The ghost of acidosis4 the Spear-Bearer, a novice MfSk (D:6)
  A troll (D:10)
  3 hornets (D:10)
  2 hippogriffs
  A wyvern (D:9)
  16 yaks
  Sigmund (D:3)
  A hungry ghost (D:8)
  2 water moccasins (D:4)
  4 porcupines (D:8)
  7 orc warriors
  An ice beast (D:9)
  7 ogres
  2 phantoms
  3 black bears (D:8)
  A necrophage (D:10)
  3 centaurs
  A big kobold (D:9)
  5 bullfrogs
  2 gnoll sergeants (D:9)
  9 killer bees
  4 scorpions
  5 wights (D:6)
  3 howler monkeys (D:10)
  5 crimson imps
  2 bullfrog zombies (D:11)
  8 hounds
  A quasit (D:8)
  3 jellies
  3 centaur skeletons
  9 orc priests
  17 orc wizards
  3 bullfrog skeletons
  3 gnoll shamans (D:9)
  3 iguanas
  Jessica (D:3)
  10 worker ants
  17 gnolls (D:9)
  7 adders
  A shadow imp (D:7)
  2 oozes (D:1)
  2 adder zombies
  2 worms
  An adder skeleton (D:5)
  6 leopard geckos
  59 orcs
  7 bats
  5 giant cockroaches
  5 goblins
  4 hobgoblins
  7 jackals
  10 kobolds
  6 quokkas
  3 ball pythons
  5 frilled lizards
  A jackal skeleton (D:6)
  A leopard gecko skeleton (D:4)
  A quokka skeleton (D:5)
  14 rats
  3 fungi (D:8)
325 creatures vanquished.

Vanquished Creatures (others)
  A porcupine (D:9)
  A fungus (D:8)
2 creatures vanquished.

Grand Total: 327 creatures vanquished

Notes
Turn   | Place    | Note
-------+----------+-------------------------------------------
     0 | D:1      | polly the Minotaur Berserker began the quest for the Orb.
     0 | D:1      | Reached XP level 1. HP: 19/19 MP: 0/0
   131 | D:1      | Reached skill level 4 in Axes
   131 | D:1      | Reached XP level 2. HP: 21/27 MP: 1/1
   732 | D:2      | Reached XP level 3. HP: 33/33 MP: 2/2
   878 | D:2      | Reached ** piety under Trog
  1385 | D:3      | Noticed a scorpion
  1393 | D:3      | Killed a scorpion
  1393 | D:3      | Reached skill level 5 in Axes
  1393 | D:3      | Reached XP level 4. HP: 26/41 MP: 3/3
  1402 | D:3      | Noticed Sigmund
  1411 | D:3      | Killed Sigmund
  1411 | D:3      | Reached skill level 5 in Fighting
  1411 | D:3      | Reached skill level 6 in Axes
  1411 | D:3      | Reached skill level 1 in Stealth
  1411 | D:3      | Reached XP level 5. HP: 48/48 MP: 4/4
  1451 | D:3      | Noticed Jessica
  1456 | D:3      | Killed Jessica
  1456 | D:3      | Reached XP level 6. HP: 51/56 MP: 5/5
  1485 | D:3      | Found a snail-covered altar of Cheibriados.
  2029 | D:4      | Found Osieze's Serpentskin Sales.
  2029 | D:4      | Noticed a water moccasin
  2029 | D:4      | Noticed a water moccasin
  2038 | D:4      | Killed a water moccasin
  2038 | D:4      | Reached skill level 7 in Axes
  2045 | D:4      | Killed a water moccasin
  2045 | D:4      | Reached XP level 7. HP: 28/62 MP: 6/6
  2767 | D:5      | Entered Level 5 of the Dungeon
  2767 | D:5      | Found Foskosor's General Store.
  2774 | D:5      | Reached skill level 8 in Axes
  2818 | D:5      | Found a staircase to the Ecumenical Temple.
  3274 | D:5      | Reached XP level 8. HP: 42/71 MP: 7/7
  3275 | D:5      | Reached *** piety under Trog
  3389 | D:5      | Reached skill level 5 in Armour
  3469 | D:5      | Reached skill level 9 in Axes
  3728 | Temple   | Entered the Ecumenical Temple
  3773 | D:4      | Bought a +2 cloak of poison resistance for 185 gold pieces
  3918 | D:6      | Noticed acidosis4's ghost (novice MfSk)
  3925 | D:6      | Killed acidosis4's ghost
  3925 | D:6      | Reached skill level 10 in Axes
  3925 | D:6      | Reached XP level 9. HP: 55/80 MP: 8/8
  4249 | D:6      | Reached skill level 5 in Dodging
  4254 | D:6      | Reached skill level 11 in Axes
  4258 | D:6      | Reached **** piety under Trog
  4792 | D:7      | Found Aqiub's General Store.
  4925 | D:7      | Reached skill level 12 in Axes
  5014 | D:7      | Reached XP level 10. HP: 58/90 MP: 9/9
  5166 | D:7      | Found an iron altar of Okawaru.
  5582 | D:8      | Noticed a two-headed ogre
  5595 | D:8      | Killed a two-headed ogre
  5595 | D:8      | Reached skill level 13 in Axes
  5732 | D:8      | Found a staircase to the Lair.
  5904 | D:8      | Reached ***** piety under Trog
  6111 | D:8      | Got an encrusted ring mail
  6122 | D:8      | Identified the cursed +0 ring mail "Naclituo" {rN+ rCorr} (You found it on level 8 of the Dungeon)
  6164 | D:8      | Found a shadowy altar of Dithmenos.
  6941 | D:9      | Found a stormy altar of Qazlal.
  6998 | D:9      | Found Orghy's Assorted Antiques.
  7020 | D:9      | Bought a smoking silver ring for 160 gold pieces
  7020 | D:9      | Identified the ring of Ishapeu {Fire *Contam rN+ Int+4 SInv} (You bought it in a shop on level 9 of the Dungeon)
  7075 | D:9      | Reached skill level 10 in Fighting
  7108 | D:9      | Reached skill level 14 in Axes
  7113 | D:9      | Reached XP level 11. HP: 19/100 MP: 10/10
  7392 | D:9      | Found Quuvupyo's Antique Weapon Shoppe.
  7813 | D:10     | Entered Level 10 of the Dungeon
  7815 | D:10     | Noticed a two-headed ogre
  7825 | D:10     | Killed a two-headed ogre
  8157 | D:10     | Found a staircase to the Orcish Mines.
  8859 | D:10     | Noticed a two-headed ogre
  8874 | D:10     | Killed a two-headed ogre
  9215 | D:10     | Reached skill level 15 in Axes
  9627 | D:10     | Received a gift from Trog
  9732 | D:11     | Found Lazesi's Weapon Emporium.
  9781 | D:11     | Reached ****** piety under Trog
  9843 | Orc:1    | Entered Level 1 of the Orcish Mines
 10052 | Orc:1    | Noticed an orc sorcerer
 10069 | Orc:1    | Slain by an ice devil

Vault maps used:
D:1:      sevenhm_arrival_forest_fort_large_2
D:3:      serial_bayou_pond_a, kennysheep_pointless_box, cheibriados_altar_1,
          uniq_jessica, uniq_sigmund
D:4:      st_stairs_8, guppyfry_shop_venom
D:5:      minmay_temple_entry_purple_smoke, first_bread, serial_shops,
          nicolae_shop_waterfront
D:7:      serial_shops, shop, basic_altar
D:8:      due_lair_maze_entry_diamond, grunt_ministairs_7,
          nicolae_dithmenos_the_darkroom
D:9:      serial_gnoll_camp, gnoll_camp_mini_shop, gnoll_camp_mini_shop,
          gnoll_camp_mini_hut, gnoll_camp_mini_basic, gnoll_camp_mini_hut,
          gnoll_camp_mini_house, nicolae_qazlal_eye_of_the_storm
D:10:     hiddenorc2_lemuel, hangedman_pestilent_swarm
D:11:     serial_shops, shop, shop, uniq_erica
Temple:   dpeg_three_leaves_temple
Orc:1:    minmay_orc_treasury, uniq_maurice

Skill      XL: |  1  2  3  4  5  6  7  8  9 10 11 |
---------------+----------------------------------+-----
Axes           | 4 5 6 7 8 10 12 14 15 | 15.1
Fighting       | 4 5 6 7 8 10 11 | 11.7
Dodging        | 3 4 5 6 |  6.3
Stealth        | 1 |  1.1
Armour         | 3 4 6 7 9 |  9.9

Action                   |  1- 3 |  4- 6 |  7- 9 | 10-12 || total
-------------------------+-------+-------+-------+-------++-------
Melee: Hand axe          |    71 |    45 |    84 |       ||   200
       Headbutt          |    19 |     7 |    53 |   101 ||   180
       War axe           |       |       |   163 |   427 ||   590
Invok: Berserk           |       |     1 |     2 |     3 ||     6
       Burn Spellbooks   |       |       |     1 |     1 ||     2
  Use: Scroll            |       |       |       |    14 ||    14
 Stab: Sleeping          |     2 |     1 |       |     6 ||     9
       Distracted        |       |       |     1 |     1 ||     2
  Eat: Meat ration       |       |     1 |       |       ||     1
       Chunk             |       |       |    10 |    19 ||    29
       Fruit             |       |       |     1 |     4 ||     5
Armor: Animal skin       |    12 |     2 |       |       ||    14
       Scale mail        |       |    12 |    35 |       ||    47
       Chain mail        |       |       |    58 |    51 ||   109
       Ring mail         |       |       |       |   100 ||   100
Dodge: Dodged            |    41 |    32 |   116 |   264 ||   453
